 Dungeon Crawl Stone Soup version 0.31-a0-44-g49d609d0da (webtiles) character file.

Game seed: 5444826529308175124

124 CowFu the Shield-Bearer (level 5, 0/47 HPs)
             Began as a Gnoll Fighter on May 21, 2023.
             Was a Follower of Uskayaw.
             Slain by Sigmund
             ... wielding a +0 scythe
              (9 damage)
             ... on level 3 of the Dungeon.
             The game lasted 00:02:36 (2046 turns).

CowFu the Shield-Bearer (Gnoll Fighter)             Turns: 2046, Time: 00:02:37

Health: 0/47       AC:  7    Str: 18    XL:     5   Next: 8%
Magic:  16/16      EV:  9    Int:  7    God:    Uskayaw [*.....]
Gold:   243        SH:  5    Dex: 11    Spells: 6/6 levels left

rFire   + . .        a - +1 long sword (holy)
rCold   . . .        c - +0 buckler
rNeg    . . .        b - +0 scale mail
rPois   .            (no helmet)
rElec   .            (no cloak)
rCorr   .            (no gloves)
SInv    .            (no boots)
Will    .....        (no amulet) Stlth
                     j - ring of magical power
HPRegen 0.27/turn    m - ring of protection from fire
MPRegen 0.15/turn

%: no passive effects
@: mighty
A: fangs 1, strong nose, distributed training
a: Renounce Religion, Stomp


You were on level 3 of the Dungeon.
You worshipped Uskayaw.
Uskayaw was noncommittal.
You visited 1 branch of the dungeon, and saw 3 of its levels.

You collected 243 gold pieces.

Inventory:

Hand Weapons
 a - a +1 long sword of holy wrath (weapon)
Armour
 b - a +0 scale mail (worn)
 c - a +0 buckler (worn)
Jewellery
 j - a ring of magical power (left hand)
 m - a ring of protection from fire (right hand)
Scrolls
 e - 2 scrolls of blinking {unknown}
 f - a scroll of fear {unknown}
 g - a scroll of magic mapping {unknown}
 h - a scroll of acquirement {unknown}
 i - 2 scrolls of noise {unknown}
 k - 3 scrolls of amnesia {unknown}
 l - a scroll of identify {unknown}
Potions
 n - a potion of curing {unknown}
 o - a potion of brilliance {unknown}
 p - a potion of ambrosia {unknown}
 q - a potion of flight {unknown}


   Skills:
 + Level 6.6 Fighting
 + Level 1.4 Short Blades
 + Level 4.7 Long Blades
 + Level 1.4 Axes
 + Level 1.4 Maces & Flails
 + Level 1.4 Polearms
 + Level 1.4 Staves
 + Level 1.4 Ranged Weapons
 + Level 1.4 Throwing
 + Level 6.6 Armour
 + Level 1.4 Dodging
 + Level 1.4 Stealth
 + Level 6.6 Shields
 + Level 1.4 Unarmed Combat
 + Level 1.4 Spellcasting
 + Level 1.1 Conjurations
 + Level 1.1 Hexes
 + Level 1.1 Summonings
 + Level 1.1 Necromancy
 + Level 1.1 Translocations
 + Level 1.1 Transmutations
 + Level 1.1 Fire Magic
 + Level 1.1 Ice Magic
 + Level 1.1 Air Magic
 + Level 1.1 Earth Magic
 + Level 1.1 Poison Magic
 + Level 1.5 Invocations
 + Level 1.4 Evocations


You had 6 spell levels left.
You didn't know any spells.
Your spell library contained the following spells:

 Spells                   Type           Power      Damage    Failure   Level
 Cigotuvi's Dreadful Rot  Necr/Pois/Air  4%         N/A       80%         2
 Dispel Undead            Necr           2%         3d7       100%        4
 Death Channel            Necr           1%         N/A       100%        6


Dungeon Overview and Level Annotations

Branches:
Dungeon (3/15)

Altars:
Uskayaw

Shops:
D:2 [

Annotations:
D:3 Sigmund


Innate Abilities, Weirdness & Mutations

You have very sharp teeth.
Your uncanny sense of smell can sniff out nearby items.
Your experience applies equally to all skills.


Message History

The magic dart hits you!
You bump into the rock wall.
Sigmund casts a spell at you. The magic dart hits you.
You bump into the rock wall.
You feel less confused.
Found 6 gold pieces.
You feel very mighty all of a sudden.
Sigmund flickers, as though insubstantial.
Sigmund gestures at you while chanting.
You are confused.
You bump into the rock wall.
Sigmund barely misses you.
You bump into the rock wall.
Sigmund hits you but does no damage. Sigmund hits you with a +0 scythe.
You feel less confused.
Sigmund points at you and mumbles some strange words.
You are confused.
You barely miss Sigmund. Your bite misses Sigmund.
Sigmund says, "Your kind have come here before.
I understand now why.
You desire death..."
Sigmund hits you with a +0 scythe.
Sigmund gestures wildly while chanting.
Sigmund flickers and vanishes!
Deactivating autopickup; reactivate with Ctrl-A.
You hear some strange, mumbled words.
You are more confused.
Something hits you!
You hear some strange, mumbled words.
Something tries to affect you, but you resist.
You're too confused to move!
Something hits you. Something hits you. Something hits you!
* * * LOW HITPOINT WARNING * * *
You're too confused to move!
You feel less confused. Something hits you.
* * * LOW HITPOINT WARNING * * *
You hear some strange, mumbled words.
A puff of flame appears from out of thin air!
The puff of flame hits you but does no damage.
Something hits you!
You die...

. #.#######.# #.#.#
....#####.# #.#
#.#.# #......[#
#.#####.>..
#...####.)#
#.......... # #..#
#..#.##.#.# #..#
#..#.##.#.#
#..#######..#.##.#.#
#...........#.#..#.#
##.@{..#.........#..
##...$#.........###
##.............#
#.............
##............###
##..............
##........##.#
####### #.# #.##.#


There were no monsters in sight!

Vanquished Creatures
  Terence (D:3)
  3 adders (D:2)
  2 worms (D:2)
  A dart slug (D:1)
  8 ball pythons
  4 endoplasms
  5 giant cockroaches
  4 goblins
  5 hobgoblins
  5 jackals (D:2)
  6 kobolds
  4 quokkas
  5 bats
  2 frilled lizards
  8 rats
63 creatures vanquished.

Notes
Turn   | Place    | Note
-------+----------+-------------------------------------------
     0 | D:1      | CowFu the Gnoll Fighter began the quest for the Orb.
     0 | D:1      | Reached XP level 1. HP: 23/23 MP: 1/1
   141 | D:1      | Reached XP level 2. HP: 29/29 MP: 2/2
   378 | D:1      | Found a faded altar of an unknown god.
   391 | D:1      | Prayed at the altar of an unknown god.
   391 | D:1      | Became a worshipper of Uskayaw the Reveller
   391 | D:1      | Reached * piety under Uskayaw
   396 | D:1      | Reached ** piety under Uskayaw
   596 | D:1      | Reached XP level 3. HP: 32/35 MP: 3/3
   975 | D:2      | Reached skill level 1 in Invocations
  1077 | D:2      | Reached skill level 1 in Short Blades
  1077 | D:2      | Reached skill level 1 in Axes
  1077 | D:2      | Reached skill level 1 in Maces & Flails
  1077 | D:2      | Reached skill level 1 in Polearms
  1077 | D:2      | Reached skill level 1 in Staves
  1077 | D:2      | Reached skill level 1 in Ranged Weapons
  1077 | D:2      | Reached skill level 1 in Throwing
  1077 | D:2      | Reached skill level 1 in Dodging
  1077 | D:2      | Reached skill level 1 in Stealth
  1077 | D:2      | Reached skill level 1 in Unarmed Combat
  1077 | D:2      | Reached skill level 1 in Spellcasting
  1077 | D:2      | Reached skill level 1 in Evocations
  1156 | D:2      | Reached XP level 4. HP: 41/41 MP: 5/5
  1163 | D:2      | Reached *** piety under Uskayaw
  1219 | D:2      | Reached skill level 1 in Conjurations
  1219 | D:2      | Reached skill level 1 in Hexes
  1219 | D:2      | Reached skill level 1 in Summonings
  1219 | D:2      | Reached skill level 1 in Necromancy
  1219 | D:2      | Reached skill level 1 in Translocations
  1219 | D:2      | Reached skill level 1 in Transmutations
  1219 | D:2      | Reached skill level 1 in Fire Magic
  1219 | D:2      | Reached skill level 1 in Ice Magic
  1219 | D:2      | Reached skill level 1 in Air Magic
  1219 | D:2      | Reached skill level 1 in Earth Magic
  1219 | D:2      | Reached skill level 1 in Poison Magic
  1266 | D:2      | Found Pysazade's Antique Armour Boutique.
  1812 | D:3      | Noticed Terence
  1828 | D:3      | Killed Terence
  1829 | D:3      | Reached XP level 5. HP: 29/47 MP: 7/7
  2013 | D:3      | Noticed Sigmund
  2046 | D:3      | Slain by Sigmund

Illustrated notes

Levels and vault maps discovered:
D:1:      matt_arrival_refuge, layout_loops_ring,
          ebering_ecumenical_altar_petrified
D:2:      layout_basic, serial_glass, glass_columns_a, glass_columns_a,
          item_on_display_a, serial_shops, shop, hex_intersection,
          minmay_gold_behind_fungi, chequers_serial_rivers_micro_c,
          minmay_pentomino_p2
D:3:      layout_loops_ring, lemuel_coloured_pillars_altar, uniq_sigmund,
          uniq_terence, uniq_jessica

Skill      XL: |  1  2  3  4 |
---------------+-------------+-----
Invocations    | 1 |  1.5
Short Blades   | 1 |  1.4
Axes           | 1 |  1.4
Maces & Flails | 1 |  1.4
Polearms       | 1 |  1.4
Staves         | 1 |  1.4
Ranged Weapons | 1 |  1.4
Throwing       | 1 |  1.4
Dodging        | 1 |  1.4
Stealth        | 1 |  1.4
Unarmed Combat | 1 |  1.4
Spellcasting   | 1 |  1.4
Evocations     | 1 |  1.4
Conjurations   | 1 |  1.1
Hexes          | 1 |  1.1
Summonings     | 1 |  1.1
Necromancy     | 1 |  1.1
Translocations | 1 |  1.1
Transmutations | 1 |  1.1
Fire Magic     | 1 |  1.1
Ice Magic      | 1 |  1.1
Air Magic      | 1 |  1.1
Earth Magic    | 1 |  1.1
Poison Magic   | 1 |  1.1
Fighting       | |  6.6
Long Blades    | |  4.7
Armour         | |  6.6
Shields        | |  6.6

Action                     |  1- 3 |  4- 6 || total
---------------------------+-------+-------++-------
  Melee: Long sword        |   102 |   110 ||   212
         Bite              |     2 |     6 ||     8
    Use: Potion            |       |     1 ||     1
   Stab: Paralysed         |       |     1 ||     1
 Armour: Scale mail        |    35 |    46 ||    81
  Dodge: Dodged            |    50 |    64 ||   114
  Block: Buckler           |    20 |    25 ||    45

Table legend: (Time is in decaauts)
 A = Elapsed time spent in this place.
 B = Non-inter-level travel time spent in this place.
 C = Inter-level travel time spent in this place.
 D = Time resting spent in this place.
 E = Time spent auto-exploring this place.
 F = Levels seen in this place.
 G = Mean time per level.
                   A        B        C        D        E       F      G
               +--------+--------+--------+--------+--------+-----+--------+
         Total |   2088 |   2035 |     53 |      0 |   1554 |   3 |  696.0 |
       Dungeon |   2088 |   2035 |     53 |      0 |   1554 |   3 |  696.0 |
               +--------+--------+--------+--------+--------+-----+--------+

Top non-repeatable levels by time:
     D:1: 978 daAuts
     D:2: 769 daAuts
     D:3: 339 daAuts
